 Dungeon Crawl Stone Soup version 0.30-a0-304-gdc4b735fe1 (webtiles) character file.

Game seed: 697688795266915747

149 Harunobu the Trooper (level 5, -1/63 HPs)
             Began as a Minotaur Monk on Oct 20, 2022.
             Slain by an orc priest
             ... wielding a +2 dagger of protection
              (2 damage)
             ... on level 4 of the Dungeon.
             The game lasted 00:04:32 (3203 turns).

Harunobu the Trooper (Minotaur Monk)                Turns: 3203, Time: 00:04:33

Health: -1/63      AC: 29    Str: 17    XL:     5   Next: 9%
Magic:  4/4        EV:  2    Int: 11    God:
Gold:   142        SH:  5    Dex: 11    Spells: 4/4 levels left

rFire   + . .      SeeInvis .    q - +5 whip of Turmoil {protect, Fly rF+}
rCold   . . .      Faith    .    p - +2 buckler
rNeg    . . .      Spirit   .    (body armour currently unavailable)
rPois   +          Reflect  .    (helmet currently unavailable)
rElec   .          Harm     .    (cloak currently unavailable)
rCorr   .          Rampage  .    (gloves currently unavailable)
Will    .....      NoTele   +    (boots currently unavailable)
Stlth   ++........               (no amulet)
HPRegen 0.30/turn                (no ring)
MPRegen 0.09/turn                (no ring)

@: tree-form, under a protective aura, attractive
A: stationary, stasis, torment immunity, boosted hp, (horns 2), (retaliatory
headbutt), clever 1, frail 1, (shaggy fur 1)
a: no special abilities


You were on level 4 of the Dungeon.
You were a tree.
You visited 1 branch of the dungeon, and saw 4 of its levels.

You collected 142 gold pieces.

Inventory:

Hand Weapons
 a - a +0 mace
 q - the +5 whip of Turmoil (weapon) {protect, Fly rF+}
   (You found it on level 3 of the Dungeon)

   It grants its wielder temporary protection when it strikes (+7 to AC).
   rF:        It protects you from fire.
   Fly:       It grants you flight.
Armour
 b - a +0 robe
 i - a +0 ring mail
 n - a +0 scale mail (melded)
 p - a +2 buckler (worn)
 r - a +0 pair of gloves (melded)
Scrolls
 d - 4 scrolls of identify {unknown}
 e - 3 scrolls of teleportation {unknown}
 f - 2 scrolls of blinking {unknown}
 g - a scroll of fog {unknown}
 m - a scroll of fear {unknown}
 o - a scroll of enchant armour {unknown}
Potions
 c - a potion of ambrosia
 l - a potion of lignification


   Skills:
 + Level 4.7 Fighting
 + Level 4.5 Maces & Flails
 + Level 4.3 Dodging
 + Level 2.7 Stealth


You had 4 spell levels left.
You didn't know any spells.
Your spell library contained the following spells:

 Spells                   Type           Power      Damage    Failure   Level
 Ensorcelled Hibernation  Hex/Ice        0%         N/A       58%         2
 Spider Form              Tmut/Pois      0%         N/A       82%         3
 Anguish                  Hex/Necr       0%         N/A       99%         4


Dungeon Overview and Level Annotations

Branches:
Dungeon (4/15)
 Temple: D:4-7

Altars:
Gozag


Innate Abilities, Weirdness & Mutations

You are a tree.
Your roots penetrate the ground, keeping you stationary.
You cannot be teleported.
You are immune to unholy pain and torment.
Your maximum health is greatly increased.
Your equipment is partially melded.
((You have a pair of horns on your head.))
((You reflexively headbutt those who attack you in melee.))
Your mind is acute. (Int +4, Str/Dex -1)
You are frail. (-10% HP)
((You are covered in fur. (AC +1)))


Message History

Okay, then.
The orc attacks as you move away! The orc closely misses you.
The orc attacks as you move away! The orc hits you with a +0 mace.
* * * LOW HITPOINT WARNING * * *
The orc priest calls down the wrath of Beogh upon you.
Beogh smites you!
* * * LOW HITPOINT WARNING * * *
It was a potion of lignification.
You turn into a tree.
Your +0 pair of gloves melds into your body.
Your +0 scale mail melds into your body.
Your roots penetrate the ground.
The adder bites you but does no damage. You block the orc's attack.
It was a potion of flight.
Your roots keep you in place.
The adder bites you but does no damage. You block the orc's attack.
The adder bites you but does no damage.
It was a potion of mutation.
You feel extremely strange.
You feel frail.
You feel clever. Fur sprouts all over your body. You block the adder's attack.
It was a potion of magic.
Magic courses through your body. The adder bites you but does no damage.
It was a potion of attraction.
You feel attractive to monsters. The adder bites you but does no damage.
The orc hits you with a +0 mace.
* * * LOW HITPOINT WARNING * * *
The orc hits you but does no damage.
Okay, then.
You hit the adder.
Your weapon exudes an aura of protection.
The adder is severely wounded.
The adder bites you but does no damage. x2
You whack the adder!
You kill the adder!
The orc hits you but does no damage.
A dart slug comes into view.
The dart slug is attracted toward you.
You barely miss the orc priest.
The orc priest is severely wounded.
The orc hits you but does no damage.
The orc priest hits you with a +2 dagger of protection.
You die...

..................
#...........§......
.#..................
#.............$$.....
########...........w._......
.#........#####.....$.$.:...
.#........#)$!#.............
.#........#?/$#oo†..........
.#........#!(=#o♣#########.#
.#).......#####...#... .
.'........[...........#
.#...............##.#.#
.+.......#.#.##### .#
##.......#.#.# #
#######.#.#.# #.#.#+# ..#..


You could see an orc priest, a dart slug and 2 orcs.

Vanquished Creatures
  Terence (D:2)
  4 adders
  An ufetubus (D:4)
  A worm (D:3)
  2 dart slugs
  4 orcs (D:4)
  2 endoplasms (D:1)
  2 giant cockroaches
  5 hobgoblins
  11 jackals
  5 quokkas
  4 ball pythons
  3 bats
  4 frilled lizards
  7 goblins
  8 kobolds
  5 rats
69 creatures vanquished.

Vanquished Creatures (others)
  3 fungi (D:1)
3 creatures vanquished.

Grand Total: 72 creatures vanquished

Notes
Turn   | Place    | Note
-------+----------+-------------------------------------------
     0 | D:1      | Harunobu the Minotaur Monk began the quest for the Orb.
     0 | D:1      | Reached XP level 1. HP: 19/19 MP: 0/0
   301 | D:1      | Reached XP level 2. HP: 20/27 MP: 1/1
   468 | D:1      | Found a faded altar of an unknown god.
  1254 | D:2      | Reached XP level 3. HP: 33/33 MP: 2/2
  1337 | D:2      | Noticed Terence
  1347 | D:2      | Killed Terence
  1562 | D:2      | Reached XP level 4. HP: 41/41 MP: 3/3
  1993 | D:3      | Identified the +5 whip of Turmoil {protect, Fly rF+}
  3182 | D:4      | Found an opulent altar of Gozag.
  3193 | D:4      | Reached XP level 5. HP: 12/47 MP: 4/4
  3195 | D:4      | HP: 1/47 [orc priest/divine providence (9)]
  3198 | D:4      | Gained mutation: You are frail. (-10% HP) [potion of
                  | mutation]
  3198 | D:4      | Gained mutation: Your mind is acute. (Int +4, Str/Dex -1)
                  | [potion of mutation]
  3198 | D:4      | Gained mutation: You are covered in fur. (AC +1) [potion of
                  | mutation]
  3200 | D:4      | HP: 1/63 [orc/+0 mace (3)]
  3203 | D:4      | Slain by an orc priest

Illustrated notes

Levels and vault maps discovered:
D:1:      shiori_arrival_oz, layout_basic,
          shapermc_ecumenical_altar_mp_ritualfount
D:2:      layout_loops_ring, hangedman_decor_points, uniq_terence
D:3:      layout_basic, nrook_loot_triangle
D:4:      layout_basic, nicolae_gozag_seed_capital, due_unseen_surprise

Skill      XL: |  1  2  3  4 |
---------------+-------------+-----
Fighting       | 4 |  4.7
Stealth        | 2 |  2.7
Maces & Flails | 4 |  4.5
Dodging        | 4 |  4.3

Action                   |  1- 3 |  4- 6 || total
-------------------------+-------+-------++-------
Melee: Mace              |    72 |    39 ||   111
       Headbutt          |    11 |     9 ||    20
       Punch             |     1 |       ||     1
       Whip              |       |    47 ||    47
  Use: Potion            |       |     5 ||     5
 Stab: Sleeping          |     1 |       ||     1
Armor: Robe              |     5 |       ||     5
       Ring mail         |    18 |       ||    18
       Scale mail        |     5 |    35 ||    40
       Skin              |       |    10 ||    10
Dodge: Dodged            |    41 |    47 ||    88
Block: Buckler           |       |    19 ||    19

Table legend: (Time is in decaauts)
 A = Elapsed time spent in this place.
 B = Non-inter-level travel time spent in this place.
 C = Inter-level travel time spent in this place.
 D = Time resting spent in this place.
 E = Time spent auto-exploring this place.
 F = Levels seen in this place.
 G = Mean time per level.
                   A        B        C        D        E       F      G
               +--------+--------+--------+--------+--------+-----+--------+
         Total |   3222 |   3113 |    109 |    748 |   1813 |   4 |  805.5 |
       Dungeon |   3222 |   3113 |    109 |    748 |   1813 |   4 |  805.5 |
               +--------+--------+--------+--------+--------+-----+--------+

Top non-repeatable levels by time:
     D:1: 1070 daAuts
     D:3: 987 daAuts
     D:2: 872 daAuts
     D:4: 291 daAuts
